 Dungeon Crawl Stone Soup version 0.23-a0-32-g1388f29 (webtiles) character file.

191 mopl the Firebug (level 5, 0/28 HPs)
             Began as a Tengu Fire Elementalist on Aug 4, 2018.
             Killed by miscasting Sticky Flame (22 damage)
             ... on level 4 of the Dungeon.
             The game lasted 00:07:09 (3486 turns).

mopl the Firebug (Tengu Fire Elementalist)          Turns: 3486, Time: 00:07:10

Health: 0/28       AC:  3    Str:  8    XL:     5   Next: 70%
Magic:  6/10       EV: 12    Int: 17    God:
Gold:   180        SH:  3    Dex: 14    Spells: 0/10 levels left

rFire    . . .     SeeInvis .   f - +0 trident (venom)
rCold    . . .     Gourm    .   o - +0 buckler
rNeg     . . .     Faith    .   g - +0 robe {Archmagi}
rPois    .         Spirit   .   (helmet restricted)
rElec    .         Reflect  .   (no cloak)
rCorr    .         Harm     .   x - +0 pair of gloves (curse)
MR       ++...                  (boots unavailable)
Stlth    ++........             (no amulet)
HPRegen  0.09/turn              n - ring of protection from magic
MPRegen  0.12/turn              p - ring of protection from magic

@: very slightly contaminated
A: beak, talons 3, able to fly 1
a: Fly


You were on level 4 of the Dungeon.
You were very hungry.

You visited 1 branch of the dungeon, and saw 4 of its levels.

You collected 180 gold pieces.

Inventory:

Hand Weapons
 f - a +0 trident of venom (weapon)
 h - a +0 spear
 w - a cursed -2 blowgun
Missiles
 d - 7 tomahawks (quivered)
 v - 7 poisoned needles
Armour
 g - a +0 robe of the Archmagi (worn)
 o - a +0 buckler (worn)
 x - a cursed +0 pair of gloves (worn)
Jewellery
 n - a ring of protection from magic (left hand)
 p - a ring of protection from magic (right hand)
Wands
 A - a wand of disintegration (13)
Scrolls
 a - a scroll of enchant armour {unknown}
 e - a scroll of immolation {unknown}
 i - 2 scrolls of magic mapping {unknown}
 r - a scroll of amnesia {unknown}
 u - a scroll of remove curse {unknown}
 y - a scroll of blinking {unknown}
Potions
 b - 2 potions of curing {unknown}
 j - a potion of heal wounds
 l - a potion of flight
 m - 2 potions of ambrosia {unknown}
 q - a potion of agility
 s - a potion of resistance
 t - a potion of might {unknown}
 z - a potion of lignification {unknown}
Comestibles
 c - 4 rations


   Skills:
 - Level 2.1 Dodging
 - Level 2.0 Stealth
 + Level 3.2 Spellcasting
 * Level 4.3 Conjurations
 * Level 4.8 Fire Magic


You couldn't memorise any spells.
You knew the following spells:

 Your Spells              Type           Power        Failure   Level  Hunger
a - Flame Tongue          Conj/Fire      ####.        4%          1    None
b - Throw Flame           Conj/Fire      ####..       7%          2    ##.....
c - Conjure Flame         Conj/Fire      ####....     13%         3    ###....
d - Sticky Flame          Conj/Fire      ####....     41%         4    ####...

Your spell library contained the following spells:

 Spells                   Type           Power        Failure   Level  Hunger
 Fireball                 Conj/Fire      ####......   77%         5    ######.
 Inner Flame              Hex/Fire       ###.....     32%         3    ###....


Dungeon Overview and Level Annotations

Branches:
Dungeon (4/15)
 Temple: D:4-7

Altars:
Ashenzari
Sif Muna
Uskayaw

Annotations:
D:2 Sigmund


Innate Abilities, Weirdness & Mutations

You have a beak for a mouth.
You have claws for feet.
You can fly.


Message History

The hound closely misses you.
Your shield prevents you from hitting the hound.
The hound bites you. The hound misses you.
You miss the hound. The hound bites you but does no damage.
The hound bites you. The hound bites you. The hound barely misses you.
Autopickup is now on.
The hound bites you but does no damage. The hound bites you but does no damage.
Casting: Flame Tongue (safe; 4% risk of failure)
Confirm with . or Enter, or press ? or * to list all spells.
Aiming: Sticky Flame (quite dangerous; 41% risk of failure)
Press: ? - help, Shift-Dir - straight line, f/p - hound
Aim: a hound You feel a surge of power!
You miscast Sticky Flame.
You are very lightly contaminated with residual magic.
You are caught in a violent explosion!
The explosion engulfs you!
Ouch! That really hurt!
You die...

#............##....
#................#
# ##.............#
## #..#.........###
##. . ###...##l.##
##.. #######..#
#..# #..## ##.##
##.h## ##..# ##.@##
##..## ##..##
##..## ##..# ##.$##
##.## #..## #..##
##.## ##..###..#
##..#..## ##...##
##.##


You could see an iguana and a hound.

Vanquished Creatures
  An orc priest (D:3)
  Jessica (D:2)
  5 adders
  An ooze (D:3)
  3 worms
  8 orcs (D:3)
  A ball python (D:3)
  7 bats
  A giant cockroach (D:3)
  8 goblins
  8 hobgoblins
  5 kobolds
  2 quokkas
  2 frilled lizards
  24 rats
77 creatures vanquished.

Notes
Turn   | Place    | Note
-------+----------+-------------------------------------------
     0 | D:1      | mopl the Tengu Fire Elementalist began the quest for the Orb.
     0 | D:1      | Reached XP level 1. HP: 10/10 MP: 4/4
   200 | D:1      | Reached XP level 2. HP: 15/15 MP: 4/6
   305 | D:1      | Reached skill level 2 in Conjurations
   575 | D:1      | Learned a level 2 spell: Throw Flame
   735 | D:2      | Reached XP level 3. HP: 8/19 MP: 0/7
   912 | D:2      | Learned a level 3 spell: Conjure Flame
   919 | D:2      | Noticed Jessica
   933 | D:2      | Killed Jessica
   933 | D:2      | Reached skill level 3 in Conjurations
   933 | D:2      | Reached skill level 4 in Fire Magic
   933 | D:2      | Reached XP level 4. HP: 24/24 MP: 4/9
  1192 | D:2      | Found a hide-covered altar of Uskayaw.
  1192 | D:2      | Found a deep blue altar of Sif Muna.
  1456 | D:2      | Reached skill level 3 in Spellcasting
  1472 | D:2      | Noticed Sigmund
  2118 | D:3      | Gained mutation: You can fly. [Tengu growth]
  2118 | D:3      | Reached XP level 5. HP: 28/28 MP: 0/10
  2324 | D:3      | Learned a level 4 spell: Sticky Flame
  2379 | D:3      | Reached skill level 4 in Conjurations
  2732 | D:3      | Found a shattered altar of Ashenzari.
  3486 | D:4      | Killed by miscasting Sticky Flame

Vault maps used:
D:1:      erik_arrival_orb_chamber
D:2:      gammafunk_temple_overflow_elements, first_ration, uniq_sigmund,
          uniq_jessica
D:3:      ashenzari_altar_1

Skill      XL: |  1  2  3  4  5 |
---------------+----------------+-----
Conjurations   | 2 3 4 |  4.3
Fire Magic     | 4 |  4.8
Spellcasting   | 3 |  3.2
Dodging        | |  2.1
Stealth        | |  2.0

Action                   |  1- 3 |  4- 6 || total
-------------------------+-------+-------++-------
Melee: Spear             |    29 |    52 ||    81
       Kick              |     4 |     7 ||    11
       Peck              |     1 |     4 ||     5
       Trident           |       |    34 ||    34
Throw: Tomahawk          |       |     2 ||     2
 Cast: Flame Tongue      |    33 |    54 ||    87
       Conjure Flame     |       |     5 ||     5
       Throw Flame       |       |     1 ||     1
  Use: Scroll            |       |     4 ||     4
 Stab: Sleeping          |     2 |     7 ||     9
       Distracted        |       |     1 ||     1
  Eat: Chunk             |     1 |     7 ||     8
Armor: Robe              |     6 |    15 ||    21
Dodge: Dodged            |    24 |    36 ||    60
Block: Buckler           |       |     6 ||     6

Table legend:
 A = Spawn XP
 B = Non-spawn XP
 C = Spawn XP percentage of total XP
 D = Spawn monster count
 E = Non-spawn monster count
 F = Spawn count percentage of total count
 G = Total turns spent on level
                    A         B        C        D         E        F      G
               +---------+---------+-------+---------+---------+-------+---------
         Total |       0 |     273 |   0.0 |       0 |      77 |   0.0 |  3486
               +---------+---------+-------+---------+---------+-------+---------
           D:1 |       0 |      32 |   0.0 |       0 |      24 |   0.0 |  1160
           D:2 |       0 |     122 |   0.0 |       0 |      26 |   0.0 |  1379
           D:3 |       0 |     117 |   0.0 |       0 |      26 |   0.0 |   898
           D:4 |       0 |       2 |   0.0 |       0 |       1 |   0.0 |    49
               +---------+---------+-------+---------+---------+-------+---------
